TOP OF THE 1ST |
State College Spikes batting - Pitching for Tri-City Dust Devils : RHP Jared Van Heel
|
Pitching: RHP Jared Van Heel
|
|
Batting: LHB Robert Rauda
|
0-0: Ball 1-0: Foul Ball, location: 2F 1-1: Ground out 3-1 (Groundball, 34, EV 101.3 MPH)
|
Batting: RHB Immel Kamuzu
|
0-0: Ground out 5-3 (Groundball, 56, EV 84.4 MPH)
|
Batting: RHB Mike Zimmerly
|
0-0: Called Strike 0-1: Foul Ball, location: 2F 0-2: Ball 1-2: Foul Ball, location: 2F 1-2: SINGLE (Groundball, 5D, EV 100.6 MPH)
|
Batting: LHB Jayden Thomas
|
0-0: Called Strike 0-1: Ball 1-1: Ball 2-1: Swinging Strike 2-2: Foul Ball, location: 2F 2-2: Foul Ball, location: 2F 2-2: Foul Ball, location: 2F 2-2: Ground out U3 (Groundball, 3, EV 86.3 MPH)
|
Top of the 1st over - 0 runs, 1 hit, 0 errors, 1 left on base; State College 0 - Tri-City 0 |
BOTTOM OF THE 1ST |
Tri-City Dust Devils batting - Pitching for State College Spikes : LHP Bob Hale
|
Pitching: LHP Bob Hale
|
|
Batting: RHB Jeremy Mercer
|
0-0: Ball 1-0: Ball 2-0: Fly out, F8 (Flyball, 8RM, EV 83.8 MPH)
|
Batting: RHB Hector Fernandez
|
0-0: Called Strike 0-1: TRIPLE (Flyball, 78XD, EV 103.1 MPH)
|
Batting: LHB Frank McConnell
|
0-0: Foul Ball, location: 2F 0-1: Fly out, F9 (Flyball, 9LM, EV 86.3 MPH)
|
Batting: RHB Freddie Brown
|
0-0: Ball 1-0: Ball 2-0: Swinging Strike 2-1: Reached on error, E1 (Groundball, P, EV 63.8 MPH) Hector Fernandez scores
|
Batting: RHB Jaden Scott
|
0-0: Called Strike 0-1: Foul Ball, location: 2F 0-2: Ball 1-2: Strikes out swinging
|
Bottom of the 1st over - 1 run, 1 hit, 1 error, 1 left on base; State College 0 - Tri-City 1 |
TOP OF THE 2ND |
State College Spikes batting - Pitching for Tri-City Dust Devils : RHP Jared Van Heel
|
Batting: RHB John Gibbs
|
0-0: Ball 1-0: Ball 2-0: Fly out, F8 (Flyball, 8RM, EV 91.3 MPH)
|
Batting: SHB Hank Arias
|
0-0: Called Strike 0-1: Foul Ball, location: 2F 0-2: Ball 1-2: Strikes out looking
|
Batting: RHB Fekadu Alhaadi
|
0-0: Ball 1-0: Ball 2-0: Ball 3-0: Base on Balls
|
Batting: RHB Francisco de la Cruz
|
0-0: Called Strike 0-1: Ball 1-1: Called Strike 1-2: Foul Ball, location: 2F 1-2: DOUBLE (Groundball, 5L, EV 104.4 MPH) Fekadu Alhaadi to third Runner from 3rd tries for Home, SAFE, no throw by LF
|
Batting: RHB Ray Souza
|
0-0: Ball Wild Pitch! Francisco de la Cruz to third 1-0: Ball 2-0: Ball 3-0: Base on Balls
|
Batting: LHB Robert Rauda
|
0-0: Called Strike 0-1: Fielders Choice at 2nd, 6-4 (Groundball, 6, EV 82.5 MPH)
|
Top of the 2nd over - 1 run, 1 hit, 0 errors, 2 left on base; State College 1 - Tri-City 1 |
BOTTOM OF THE 2ND |
Tri-City Dust Devils batting - Pitching for State College Spikes : LHP Bob Hale
|
Batting: RHB Bryan Pitcher
|
0-0: Ball 1-0: Swinging Strike 1-1: Ball 2-1: Ball 3-1: Foul Ball, location: 2F 3-2: Ground out U3 (Groundball, 34, EV 98.8 MPH)
|
Batting: RHB Joe Weissman
|
0-0: Foul Ball, location: 2F 0-1: Foul Ball, location: 2F 0-2: Ball 1-2: Ball 2-2: Strikes out swinging
|
Batting: LHB Roger Duque
|
0-0: Ball 1-0: Foul Ball, location: 2F 1-1: Ground out 6-3 (Groundball, 6, EV 85.6 MPH)
|
Bottom of the 2nd over - 0 runs, 0 hits, 0 errors, 0 left on base; State College 1 - Tri-City 1 |
TOP OF THE 3RD |
State College Spikes batting - Pitching for Tri-City Dust Devils : RHP Jared Van Heel
|
Batting: RHB Immel Kamuzu
|
0-0: SINGLE (Flyball, 78S, EV 95.6 MPH)
|
Batting: RHB Mike Zimmerly
|
0-0: Called Strike 0-1: Fielders Choice at 2nd, 5-4 (Groundball, 56S, EV 81.9 MPH)
|
Batting: LHB Jayden Thomas
|
0-0: Called Strike 0-1: Swinging Strike 0-2: Ball 1-2: Ball 2-2: SINGLE (Line Drive, 9S, EV 102.5 MPH) Mike Zimmerly to second
|
Batting: RHB John Gibbs
|
0-0: Ball 1-0: Ball 2-0: Foul Ball, location: 2F 2-1: SINGLE (Groundball, 34D, EV 99.4 MPH) Mike Zimmerly to third Jayden Thomas to second Runner from 3rd tries for Home, SAFE, throw by RF to home
|
Batting: SHB Hank Arias
|
0-0: Swinging Strike 0-1: Swinging Strike 0-2: Ball 1-2: Fielders Choice at 2nd, 3-6 (Groundball, 3, EV 88.8 MPH) Jayden Thomas to third
|
Batting: RHB Fekadu Alhaadi
|
0-0: Ball 1-0: Foul Ball, location: 2F 1-1: Ball 2-1: SINGLE (Groundball, 56, EV 101.9 MPH) (infield hit) Jayden Thomas scores Hank Arias to second
|
Batting: RHB Francisco de la Cruz
|
0-0: Ball 1-0: Fielders Choice at 2nd, 5-4 (Groundball, 56, EV 104.4 MPH)
|
Top of the 3rd over - 2 runs, 4 hits, 0 errors, 2 left on base; State College 3 - Tri-City 1 |
BOTTOM OF THE 3RD |
Tri-City Dust Devils batting - Pitching for State College Spikes : LHP Bob Hale
|
Batting: RHB Derrick Abrams
|
0-0: Called Strike 0-1: Ball 1-1: SINGLE (Groundball, 6, EV 96.9 MPH)
|
Batting: RHB Jeremy Mercer
|
0-0: Foul Ball, location: 2F 0-1: Swinging Strike 0-2: Ball 1-2: Fly out, F9 (Line Drive, 9D, EV 103.8 MPH)
|
Batting: RHB Hector Fernandez
|
0-0: DOUBLE (Flyball, 89D, EV 106.9 MPH) Derrick Abrams to third
|
Batting: LHB Frank McConnell
|
0-0: Ball 1-0: Called Strike 1-1: Ball 2-1: Ball 3-1: Called Strike 3-2: Base on Balls
|
Batting: RHB Freddie Brown
|
0-0: Called Strike 0-1: Swinging Strike 0-2: Foul Ball, location: 2F 0-2: Strikes out swinging
|
Batting: RHB Jaden Scott
|
0-0: Ball 1-0: Foul Ball, location: 2F 1-1: Swinging Strike 1-2: SINGLE (Groundball, 6MS, EV 61.3 MPH) (infield hit) Derrick Abrams scores Hector Fernandez to third Frank McConnell to second
|
Batting: RHB Bryan Pitcher
|
0-0: Ball 1-0: Ground out 1-3 (Groundball, 15, EV 66.3 MPH)
|
Bottom of the 3rd over - 1 run, 3 hits, 0 errors, 3 left on base; State College 3 - Tri-City 2 |
TOP OF THE 4TH |
State College Spikes batting - Pitching for Tri-City Dust Devils : RHP Jared Van Heel
|
Batting: RHB Ray Souza
|
0-0: Called Strike 0-1: SINGLE (Groundball, 6M, EV 96.9 MPH)
|
Batting: LHB Robert Rauda
|
0-0: Ball 1-0: Ball 2-0: Called Strike 2-1: Reached on error, E4 (Groundball, 4, EV 86.9 MPH) Ray Souza to second
|
Batting: RHB Immel Kamuzu
|
0-0: Foul Ball, location: 2F 0-1: Foul Ball, location: 2F 0-2: Foul Ball, location: 2F 0-2: Ball 1-2: Grounds into double play, 5-4-3 (Groundball, 5, EV 100.6 MPH) Ray Souza to third
|
Batting: RHB Mike Zimmerly
|
0-0: Foul Ball, location: 2F 0-1: Swinging Strike 0-2: Fly out, F5 (Flyball, 5D, EV 82.5 MPH)
|
Top of the 4th over - 0 runs, 1 hit, 1 error, 1 left on base; State College 3 - Tri-City 2 |
BOTTOM OF THE 4TH |
Tri-City Dust Devils batting - Pitching for State College Spikes : LHP Bob Hale
|
Batting: RHB Joe Weissman
|
0-0: Ball 1-0: Swinging Strike 1-1: Ball 2-1: SINGLE (Line Drive, 9LM, EV 104.4 MPH)
|
Batting: LHB Roger Duque
|
0-0: Ball 1-0: Ball 2-0: Called Strike 2-1: Swinging Strike 2-2: Strikes out swinging
|
Batting: RHB Derrick Abrams
|
0-0: Foul Ball, location: 2F 0-1: Swinging Strike 0-2: Ball 1-2: Strikes out swinging
|
Batting: RHB Jeremy Mercer
|
0-0: Called Strike 0-1: Ball 1-1: Fielders Choice at 2nd, 6-4 (Groundball, 6, EV 76.9 MPH)
|
Bottom of the 4th over - 0 runs, 1 hit, 0 errors, 1 left on base; State College 3 - Tri-City 2 |
TOP OF THE 5TH |
State College Spikes batting - Pitching for Tri-City Dust Devils : RHP Jared Van Heel
|
Batting: LHB Jayden Thomas
|
0-0: Called Strike 0-1: Fly out, F9 (Line Drive, 9D, EV 95.6 MPH)
|
Batting: RHB John Gibbs
|
0-0: Foul Ball, location: 2F 0-1: Fly out, F9 (Flyball, 89D, EV 90.6 MPH)
|
Batting: SHB Hank Arias
|
0-0: Ball 1-0: Called Strike 1-1: Ball 2-1: Called Strike 2-2: Ball 3-2: TRIPLE (Flyball, 78XD, EV 87.5 MPH)
|
Batting: RHB Fekadu Alhaadi
|
0-0: Called Strike 0-1: Foul Ball, location: 2F 0-2: Ball 1-2: Strikes out swinging
|
Top of the 5th over - 0 runs, 1 hit, 0 errors, 1 left on base; State College 3 - Tri-City 2 |
BOTTOM OF THE 5TH |
Tri-City Dust Devils batting - Pitching for State College Spikes : LHP Bob Hale
|
Batting: RHB Hector Fernandez
|
0-0: Ball 1-0: Called Strike 1-1: Ball 2-1: Ground out 6-3 (Groundball, 6, EV 87.5 MPH)
|
Batting: LHB Frank McConnell
|
0-0: Ball 1-0: Called Strike 1-1: Foul Ball, location: 2F 1-2: Ball 2-2: Ball 3-2: Ground out 6-3 (Groundball, 6, EV 84.4 MPH)
|
Batting: RHB Freddie Brown
|
0-0: Called Strike 0-1: Ball 1-1: Ball 2-1: Foul Ball, location: 2F 2-2: Ball 3-2: Base on Balls
|
Pitching: RHP Kohsuke Naito
|
|
Batting: RHB Jaden Scott
|
0-0: Ball 1-0: Called Strike Freddie Brown steals 2nd base 1-1: Ball 2-1: Fly out, F9 (Flyball, 89D, EV 98.8 MPH)
|
Bottom of the 5th over - 0 runs, 0 hits, 0 errors, 1 left on base; State College 3 - Tri-City 2 |
TOP OF THE 6TH |
State College Spikes batting - Pitching for Tri-City Dust Devils : RHP Jared Van Heel
|
Batting: RHB Francisco de la Cruz
|
0-0: Called Strike 0-1: Swinging Strike 0-2: Strikes out looking
|
Batting: RHB Ray Souza
|
0-0: Called Strike 0-1: Ball 1-1: Called Strike 1-2: Ground out 6-3 (Groundball, 6, EV 103.1 MPH)
|
Batting: LHB Robert Rauda
|
0-0: Called Strike 0-1: Ball 1-1: Ball 2-1: Foul Ball, location: 2F 2-2: Fly out, F9 (Flyball, 9S, EV 81.3 MPH)
|
Top of the 6th over - 0 runs, 0 hits, 0 errors, 0 left on base; State College 3 - Tri-City 2 |
BOTTOM OF THE 6TH |
Tri-City Dust Devils batting - Pitching for State College Spikes : RHP Kohsuke Naito
|
Batting: RHB Bryan Pitcher
|
0-0: Ball 1-0: Called Strike 1-1: DOUBLE (Line Drive, 78D, EV 108.1 MPH)
|
Batting: RHB Joe Weissman
|
0-0: Ball 1-0: Fly out, F9 (Flyball, 9S, EV 79.4 MPH)
|
Batting: LHB Roger Duque
|
0-0: Ball 1-0: Foul Ball, location: 2F 1-1: Ball 2-1: SINGLE (Groundball, 4MS, EV 64.4 MPH) (infield hit) Bryan Pitcher to third
|
Batting: RHB Derrick Abrams
|
0-0: Grounds into double play, 6-4-3 (Groundball, 6, EV 98.1 MPH)
|
Bottom of the 6th over - 0 runs, 2 hits, 0 errors, 1 left on base; State College 3 - Tri-City 2 |
TOP OF THE 7TH |
State College Spikes batting - Pitching for Tri-City Dust Devils : RHP Jared Van Heel
|
Batting: RHB Immel Kamuzu
|
0-0: Ball 1-0: Ball 2-0: Ball 3-0: Base on Balls
|
Batting: RHB Mike Zimmerly
|
0-0: Called Strike 0-1: Ball 1-1: Ball 2-1: TRIPLE (Flyball, 9D, EV 90.0 MPH) Immel Kamuzu scores
|
Batting: LHB Jayden Thomas
|
0-0: Intentional Walk
|
Pitching: LHP Ruben Nunez
|
|
Batting: RHB John Gibbs
|
0-0: Called Strike 0-1: DOUBLE (Line Drive, 78D, EV 110.0 MPH) Mike Zimmerly scores Jayden Thomas to third
|
Batting: SHB Hank Arias
|
0-0: Ball 1-0: Foul Ball, location: 2F 1-1: Swinging Strike 1-2: Ball 2-2: Strikes out swinging
|
Batting: RHB Fekadu Alhaadi
|
0-0: Called Strike 0-1: Ball 1-1: Fly out, F7 (Flyball, 7S, EV 95.0 MPH)
|
Batting: RHB Francisco de la Cruz
|
0-0: Ball 1-0: Ball 2-0: Ball 3-0: Base on Balls
|
Batting: RHB Ray Souza
|
0-0: Called Strike 0-1: Ball Wild Pitch! Jayden Thomas scores John Gibbs to third Francisco de la Cruz to second 1-1: Swinging Strike 1-2: Foul Ball, location: 2F 1-2: Ball 2-2: Strikes out swinging
|
Top of the 7th over - 3 runs, 2 hits, 0 errors, 2 left on base; State College 6 - Tri-City 2 |
BOTTOM OF THE 7TH |
Tri-City Dust Devils batting - Pitching for State College Spikes : RHP Kohsuke Naito
|
Pitching: RHP Bryan Vandenburgh
|
|
Batting: RHB Jeremy Mercer
|
0-0: Ball 1-0: Foul Ball, location: 2F 1-1: Ground out 5-3 (Groundball, 56S, EV 70.0 MPH)
|
Batting: RHB Hector Fernandez
|
0-0: Ball 1-0: Swinging Strike 1-1: Foul Ball, location: 2F 1-2: Ball 2-2: Hit by Pitch
|
Batting: LHB Frank McConnell
|
0-0: Called Strike Hector Fernandez steals 2nd base 0-1: Ball 1-1: Swinging Strike 1-2: Ball 2-2: Ball 3-2: Strikes out swinging
|
Batting: RHB Freddie Brown
|
0-0: Ground out 5-3 (Groundball, 56, EV 103.8 MPH)
|
Bottom of the 7th over - 0 runs, 0 hits, 0 errors, 1 left on base; State College 6 - Tri-City 2 |
TOP OF THE 8TH |
State College Spikes batting - Pitching for Tri-City Dust Devils : LHP Ruben Nunez
|
Batting: LHB Robert Rauda
|
0-0: Ball 1-0: Ground out 4-3 (Groundball, 4M, EV 82.5 MPH)
|
Batting: RHB Immel Kamuzu
|
0-0: Ball 1-0: Ball 2-0: Ground out U3 (Groundball, 23, EV 85.0 MPH)
|
Batting: RHB Mike Zimmerly
|
0-0: Called Strike 0-1: SINGLE (Line Drive, 34, EV 97.5 MPH)
|
Batting: LHB Jayden Thomas
|
0-0: Fly out, F9 (Line Drive, 9, EV 105.0 MPH)
|
Top of the 8th over - 0 runs, 1 hit, 0 errors, 1 left on base; State College 6 - Tri-City 2 |
BOTTOM OF THE 8TH |
Tri-City Dust Devils batting - Pitching for State College Spikes : RHP Bryan Vandenburgh
|
Batting: RHB Jaden Scott
|
0-0: Foul Ball, location: 2F 0-1: Ball 1-1: Swinging Strike 1-2: Foul Ball, location: 2F 1-2: Strikes out swinging
|
Batting: RHB Bryan Pitcher
|
0-0: Called Strike 0-1: Ball 1-1: Foul Ball, location: 2F 1-2: Foul Ball, location: 2F 1-2: Foul Ball, location: 2F 1-2: Ball 2-2: Strikes out swinging
|
Batting: RHB Joe Weissman
|
0-0: Ball 1-0: Foul Ball, location: 2F 1-1: Ball 2-1: Called Strike 2-2: Foul Ball, location: 2F 2-2: Ball 3-2: Strikes out swinging
|
Bottom of the 8th over - 0 runs, 0 hits, 0 errors, 0 left on base; State College 6 - Tri-City 2 |
TOP OF THE 9TH |
State College Spikes batting - Pitching for Tri-City Dust Devils : LHP Ruben Nunez
|
Batting: RHB John Gibbs
|
0-0: Ball 1-0: Swinging Strike 1-1: Foul Ball, location: 2F 1-2: Strikes out swinging
|
Batting: SHB Hank Arias
|
0-0: Foul Ball, location: 2F 0-1: Fly out, F8 (Line Drive, 8LM, EV 94.4 MPH)
|
Batting: RHB Fekadu Alhaadi
|
0-0: Swinging Strike 0-1: Foul Ball, location: 2F 0-2: Ground out 5-3 (Groundball, 56, EV 103.1 MPH)
|
Top of the 9th over - 0 runs, 0 hits, 0 errors, 0 left on base; State College 6 - Tri-City 2 |
BOTTOM OF THE 9TH |
Tri-City Dust Devils batting - Pitching for State College Spikes : RHP Bryan Vandenburgh
|
Pitching: RHP Nick Durham
|
|
Batting: LHB Roger Duque
|
0-0: Called Strike 0-1: Called Strike 0-2: Ball 1-2: Foul Ball, location: 2F 1-2: Ground out 4-3 (Groundball, 4, EV 85.6 MPH)
|
Batting: RHB Derrick Abrams
|
0-0: Ball 1-0: Called Strike 1-1: Ball 2-1: Ball 3-1: SINGLE (Groundball, 6MD, EV 100.0 MPH)
|
Batting: RHB Jeremy Mercer
|
0-0: Called Strike 0-1: Foul Ball, location: 2F 0-2: Ball 1-2: Ball 2-2: Foul Ball, location: 2F 2-2: Ground out 6-3 (Groundball, P, EV 82.5 MPH) Derrick Abrams to second
|
Batting: RHB Hector Fernandez
|
0-0: Called Strike 0-1: Called Strike 0-2: SINGLE (Groundball, 56S, EV 75.0 MPH) (infield hit) Derrick Abrams to third
|
Pitching: RHP Pabiyan Vetlitsky
|
|
Batting: LHB Frank McConnell
|
0-0: SINGLE (Groundball, 4MS, EV 80.6 MPH) (infield hit) Derrick Abrams scores Hector Fernandez to second
|
Batting: RHB Freddie Brown
|
0-0: Swinging Strike 0-1: Fly out, F8 (Line Drive, 8RM, EV 95.0 MPH)
|
Bottom of the 9th over - 1 run, 3 hits, 0 errors, 2 left on base; State College 6 - Tri-City 3 |
|